AoeStats
← bigbrd1026

Arabia

505147637Analyzed
3v3 RM · 24d ago on Sep 8, 2026· 46m 58s· 6 players
Game mode
Random Map
Map size
Normal (6 player)
Population
200
Speed
Normal
Resources
Standard
Victory
Conquest
Starting age
Dark Age
Ending age
Imperial Age
RankedLock teamsTeams togetherTeam positionsShared explorationLock speedFull tech treeHidden civsTurbo modeCheats
Victory
Defeat
🇺🇸 Franks · United States
962
+48
🇺🇸 Britons · United States
924
+47
🇺🇸 Ethiopians · United States
913
+43
🇪🇸 Byzantines · Spain
1000
-59
🇨🇳 Franks · China
981
-18
🇨🇱 Maya · Chile
973
-18
Flashpoint141H0
31:59 Feudal Age
34:35 Wheelbarrow
34:00 Horse Collar
86969829
10:46 Feudal Age
12:59 Padded Archer Armor
19:43 Castle Age
18:11 Fletching
20:21 Double-Bit Axe
20:54 Gold Mining
23:07 Stone Mining
26:37 Gold Shaft Mining
27:46 Scale Barding Armor
28:53 Chain Barding Armor
29:35 Forging
37:55 Husbandry
medina.nacho27
0:34 Loom
10:51 Feudal Age
12:40 Gold Mining
13:54 Double-Bit Axe
16:05 Horse Collar
22:18 Castle Age
20:42 Padded Archer Armor
21:42 Fletching
22:35 Crossbowman
23:21 Thumb Ring
26:03 Wheelbarrow
26:01 Leather Archer Armor
25:58 Elite Skirmisher
28:13 Bow Saw
32:04 Ballistics
31:55 Masonry
32:01 Hul'che Javelineers
33:14 Hand Cart
33:09 Pikeman
33:21 Eagle Warrior
34:03 Squires
36:45 Forging
36:37 Scale Mail Armor
37:00 Bodkin Arrow
bigbrd1026
9:34 Feudal Age
15:29 Double-Bit Axe
17:20 Fletching
19:35 Gold Mining
24:09 Castle Age
24:53 Loom
24:36 Crossbowman
25:25 Thumb Ring
26:49 Bodkin Arrow
29:47 Ballistics
33:19 Gold Shaft Mining
32:50 Padded Archer Armor
39:47 Bow Saw
40:19 Leather Archer Armor
41:05 Stone Mining
43:01 Wheelbarrow
44:29 Hand Cart
48:28 Imperial Age
bowden
10:54 Feudal Age
12:30 Loom
15:13 Castle Age
13:22 Double-Bit Axe
22:45 Bow Saw
23:26 Husbandry
28:04 Scale Barding Armor
28:10 Forging
32:04 Gold Mining
33:58 Gold Shaft Mining
33:42 Loom
34:32 Wheelbarrow
37:11 Imperial Age
36:06 Fervor
38:12 Hand Cart
37:20 Cavalier
39:32 Paladin
42:20 Conscription
45:10 Iron Casting
44:56 Chain Barding Armor
44:28 Fletching
47:58 Blast Furnace
prettyawesomeguy
10:29 Feudal Age
12:26 Double-Bit Axe
12:45 Horse Collar
13:46 Fletching
19:19 Wheelbarrow
24:11 Castle Age
24:34 Crossbowman
25:12 Bodkin Arrow
26:41 Ballistics
27:21 Elite Skirmisher
33:08 Padded Archer Armor
36:56 Hand Cart
40:51 Bow Saw
44:37 Imperial Age
45:34 Siege Engineers
45:37 Spies/Treason
46:01 Arbalester
Connection lost

Rejoining the realm…

Still unreachable

The connection could not be restored.

Session expired

The server has moved on; the page needs a fresh start.